 Dungeon Crawl Stone Soup version 0.26.1-11-gd32895ea62 (webtiles) character file.

Game seed: 13410493828177779106

26504 demibob the Impaler (level 13, -3/104 HPs)
             Began as a Merfolk Gladiator on Oct 1, 2021.
             Was a High Priest of the Shining One.
             Slain by a wolf spider (7 damage)
             ... on level 4 of the Lair of Beasts.
             The game lasted 00:31:42 (19451 turns).

demibob the Impaler (Merfolk Gladiator)            Turns: 19451, Time: 00:31:43

Health: -3/104     AC:  6    Str: 14    XL:     13   Next: 26%
Magic:  21/21      EV: 25    Int:  9    God:    the Shining One [*****.]
Gold:   855        SH:  5    Dex: 19    Spells: 12/12 levels left

rFire    + . .     SeeInvis .   b - +1 halberd
rCold    . . .     Faith    .   (shield currently unavailable)
rNeg     + + .     Spirit   .   e - +0 leather armour
rPois    +         Reflect  +   c - +1 helmet
rElec    .         Harm     .   q - +0 cloak
rCorr    .         Rampage  .   (no gloves)
Will     .....                  (no boots)
Stlth    +.........             w - amulet of reflection
HPRegen  0.27/turn              P - ring of poison resistance
MPRegen  0.17/turn              f - ring of protection from fire

@: glowing
A: change form in water, swift swim, stealthy swim
a: Renounce Religion, Divine Shield, Cleansing Flame, Summon Divine Warrior


You were on level 4 of the Lair of Beasts.
You worshipped the Shining One.
The Shining One was extremely pleased with you.
You visited 2 branches of the dungeon, and saw 16 of its levels.

You collected 1017 gold pieces.
You spent 162 gold pieces at shops.


   Skills:
 + Level 10.6 Fighting
 - Level 16.0 Polearms
 - Level 2.0 Throwing
 - Level 2.0 Armour
 + Level 15.5 Dodging
 - Level 11.4 Invocations


You had 12 spell levels left.
You didn't know any spells.
Your spell library contained the following spells:

 Spells                   Type           Power        Failure   Level
 Beastly Appendage        Tmut           0%           45%         1
 Sandblast                Erth           0%           45%         1
 Passwall                 Tmut/Erth      0%           58%         2
 Wereblood                Tmut           0%           58%         2
 Confusing Touch          Hex            0%           83%         3
 Gell's Gravitas          Tloc           0%           83%         3
 Spider Form              Tmut/Pois      0%           83%         3
 Stone Arrow              Conj/Erth      0%           83%         3
 Animate Dead             Necr           0%           99%         4
 Ice Form                 Ice/Tmut       0%           99%         4
 Petrify                  Tmut/Erth      0%           99%         4
 Blade Hands              Tmut           0%           100%        5
 Borgnjor's Vile Clutch   Necr/Erth      0%           100%        5
 Lee's Rapid Deconstruct  Erth           0%           100%        5
 Metabolic Englaciation   Hex/Ice        0%           100%        5
 Yara's Violent Unravell  Hex/Tmut       0%           100%        5
 Death Channel            Necr           0%           100%        6
 Simulacrum               Ice/Necr       0%           100%        6

Inventory:

Hand Weapons
 a - a +0 trident
 b - a +1 halberd (weapon)
Missiles
 d - 5 throwing nets (quivered) {=f}
 i - 55 poisoned darts
 o - 6 curare-tipped darts {=f}
Armour
 c - a +1 helmet (worn)
 e - a +0 leather armour (worn)
 q - a +0 cloak (worn)
 B - a +1 leather armour of cold resistance
Jewellery
 f - a ring of protection from fire (right hand)
 v - an uncursed ring of see invisible
 w - an amulet of reflection (around neck)
 F - an uncursed ring of fire
 G - an uncursed amulet of guardian spirit
 P - a ring of poison resistance (left hand)
Wands
 l - a wand of flame (32)
 u - a wand of enslavement (19)
 z - a wand of polymorph (9)
 C - a wand of iceblast (4)
 E - a wand of disintegration (20)
 H - a wand of acid (5)
Scrolls
 g - 5 scrolls of remove curse {@r2}
 h - 4 scrolls of amnesia
 j - 2 scrolls of teleportation {@r4}
 m - 2 scrolls of blinking
 r - a scroll of fog
 x - a scroll of enchant armour
 y - 4 scrolls of identify {@r1}
 A - 2 scrolls of holy word
 I - 2 scrolls of enchant weapon
Potions
 k - a potion of cancellation
 p - 6 potions of lignification
 s - a potion of resistance
 t - a potion of magic
 D - 2 potions of brilliance
 J - a potion of flight
 L - 4 potions of heal wounds {@q2}
 M - a potion of mutation
Miscellaneous
 K - a lightning rod (3/4)

Dungeon Overview and Level Annotations

Branches:
Dungeon (12/15)            Temple (0/1) D:7            Lair (4/6) D:9
  Swamp (0/4) Lair:4       Spider (0/4) Lair:4          Orc (0/2) D:9

Altars:
Ashenzari
Dithmenos
Elyvilon
Fedhas
Gozag
Okawaru
Qazlal
Ru
Sif Muna
Uskayaw
Vehumet
Wu Jian
Zin
The Shining One
Beogh

Shops:
D:9 *

Annotations:
D:4 2 transporters, JackMcBride's ghost, novice MiFi
D:10 3 runed translucent doors, 2 transporters, ubername's ghost, novice BaIE
Lair:1 exclusion: 2 oklob plants

..## #....≈≈≈≈
##
#..###...≈P♣P#
#^.
##^..#.###♣≈P##
^.#^#......#
#≈# ..^^#^^#.#
## .##^>#^#^.##
^...#^#..##
#.^s#.# ##..@##
#.#.## ###. ..
... .... #....
##.#.


You could see a wolf spider.


Message History

The wolf spider completely misses you.
You are too injured to fight recklessly!
You are too injured to fight recklessly!
You are too injured to fight recklessly!
You hit the wolf spider.
The wolf spider is almost dead.
You feel sick. The wolf spider hits you.
* * * LOW HITPOINT WARNING * * *
The wolf spider closely misses you.
You barely miss the wolf spider.
The wolf spider is almost dead.
You feel sick. The wolf spider closely misses you. The wolf spider bites you!
* * * LOW HITPOINT WARNING * * *
You barely miss the wolf spider.
The wolf spider is almost dead.
The wolf spider hits you!
* * * LOW HITPOINT WARNING * * *
The wolf spider bites you.
* * * LOW HITPOINT WARNING * * *
The wolf spider completely misses you. x2
You feel better.
The wolf spider hits you but does no damage.
The wolf spider bites you.
* * * LOW HITPOINT WARNING * * *
You are lethally poisoned!
The wolf spider poisons you!
You feel better. The wolf spider hits you!
* * * LOW HITPOINT WARNING * * *
The wolf spider bites you!
You die...

Skill      XL: |  1  2  3  4  5  6  7  8  9 10 11 12 13 |
---------------+----------------------------------------+-----
Polearms       | 5 6 7 8 9 11 14 16 | 16.0
Dodging        | 5 6 7 9 10 11 13 14 15 | 15.5
Armour         | 2 |  2.0
Invocations    | 3 6 9 11 | 11.4
Fighting       | 4 7 9 10 | 10.6
Throwing       | |  2.0

Action                   |  1- 3 |  4- 6 |  7- 9 | 10-12 | 13-15 || total
-------------------------+-------+-------+-------+-------+-------++-------
Melee: Trident           |   117 |   162 |   492 |    77 |     1 ||   849
       Halberd           |       |       |       |   828 |   126 ||   954
Invok: Divine Shield     |       |       |       |     5 |     1 ||     6
Evoke: Wand              |       |       |     3 |    16 |     4 ||    23
       Lightning rod     |       |       |       |       |     1 ||     1
  Use: Scroll            |     6 |     6 |     9 |     8 |     6 ||    35
       Potion            |       |     2 |     4 |     8 |     3 ||    17
 Stab: Sleeping          |     3 |     1 |       |       |       ||     4
Armor: Leather armour    |    21 |    27 |    55 |    45 |    10 ||   158
Dodge: Dodged            |    77 |   101 |   343 |   503 |    94 ||  1118
Block: Other             |       |       |       |   124 |    17 ||   141
       Reflection        |       |       |       |     4 |       ||     4

Levels and vault maps discovered:
D:1:      dpeg_arrival_solitude, layout_loops_corners, minmay_misc_feat_hallway,
          kennysheep_another_room
D:2:      layout_loops_ring, vehumet_crystals, general_overflow_altar,
          nicolae_overflow_hidden_temple, elyvilon_altar_1, uniq_robin
D:3:      layout_rooms, overflow_temple_1_default, uniq_jessica
D:4:      layout_loops_cross, tso_oasis_becter, gammafunk_ghost_arena
D:5:      layout_basic, basic_altar, dk_noncrumbling_4, uniq_menkaure
D:6:      minmay_diamond_boxcup, layout_cave_pools
D:7:      cheibrodos_steamvent, layout_loops_ring, kennysheep_mini,
          kennysheep_okawaru_gauntlet, lemuel_coloured_pillars_altar,
          minmay_temple_entry_fiery
D:8:      layout_gridville, grunt_temple_overflow_forces_of_nature,
          kennysheep_mini_moat, uniq_prince_ribbit1
D:9:      layout_loops_ring, lemuel_doored_altar, old_standard_altar,
          david_lair_generic, hiddenorc2_lemuel, serial_shops,
          nicolae_shop_overgrown_old_shop
D:10:     gammafunk_beogh_shrine, layout_basic, gammafunk_ghost_icy
D:11:     layout_roguey, serial_undead, serial_undead_a, serial_undead_e,
          serial_undead_b, serial_undead_a, serial_undead_a
D:12:     layout_basic, uniq_urug
Lair:1:   dragon1_lemuel, layout_cave_pods, disabler_island, uniq_sonja
Lair:2:   lemuel_slime, layout_big_grid, basic_altar
Lair:3:   layout_chaotic_city
Lair:4:   layout_hall_layers, swamp_mist_pool, spider_nest_entry_rubble,
          nicolae_lair_yak_garden, serial_bayou_shore_b,
          infiniplex_staircase_pool_2

Notes
Turn   | Place    | Note
-------+----------+-------------------------------------------
     0 | D:1      | demibob the Merfolk Gladiator began the quest for the Orb.
     0 | D:1      | Reached XP level 1. HP: 16/16 MP: 1/1
   171 | D:1      | Reached XP level 2. HP: 22/22 MP: 2/2
   430 | D:1      | Reached skill level 5 in Polearms
   558 | D:1      | Reached XP level 3. HP: 27/27 MP: 3/3
  1117 | D:2      | Reached skill level 5 in Dodging
  1246 | D:2      | Found a radiant altar of Vehumet.
  1326 | D:2      | Reached XP level 4. HP: 19/33 MP: 4/4
  1609 | D:2      | Found a white marble altar of Elyvilon.
  1651 | D:2      | Found a sacrificial altar of Ru.
  1736 | D:2      | Noticed Robin
  1740 | D:2      | Reached skill level 6 in Polearms
  1750 | D:2      | Killed Robin
  1799 | D:2      | Noticed a centaur
  1810 | D:2      | HP: 2/33 [centaur (3)]
  1817 | D:2      | Killed a centaur
  1818 | D:2      | Reached skill level 6 in Dodging
  1818 | D:2      | Reached XP level 5. HP: 13/38 MP: 5/5
  2028 | D:2      | Found a glowing silver altar of Zin.
  2236 | D:3      | Noticed Jessica
  2247 | D:3      | Killed Jessica
  2248 | D:3      | Reached skill level 7 in Polearms
  2587 | D:3      | Reached XP level 6. HP: 44/44 MP: 6/6
  2653 | D:3      | Found a shadowy altar of Dithmenos.
  2965 | D:4      | Found a glowing golden altar of the Shining One.
  2968 | D:4      | Became a worshipper of the Shining One
  3078 | D:4      | Noticed JackMcBride's ghost (novice MiFi)
  3081 | D:4      | Found a transporter.
  3133 | D:4      | Found a transporter.
  3465 | D:5      | Entered Level 5 of the Dungeon
  3475 | D:5      | Reached skill level 7 in Dodging
  3511 | D:5      | Noticed Menkaure
  3528 | D:5      | Killed Menkaure
  3529 | D:5      | Reached skill level 8 in Polearms
  3537 | D:5      | Reached XP level 7. HP: 29/50 MP: 7/7
  3723 | D:5      | Reached skill level 8 in Dodging
  3820 | D:5      | Reached skill level 9 in Polearms
  4280 | D:5      | Found a glowing silver altar of Zin.
  4498 | D:5      | Identified a potion of resistance
  4779 | D:5      | Reached skill level 9 in Dodging
  4779 | D:5      | Reached XP level 8. HP: 30/56 MP: 8/8
  4787 | D:5      | Reached skill level 10 in Polearms
  4884 | D:6      | Reached * piety under the Shining One
  5124 | D:6      | Reached skill level 10 in Dodging
  5273 | D:6      | Reached skill level 11 in Polearms
  5427 | D:6      | Reached skill level 1 in Armour
  5877 | D:6      | Reached skill level 2 in Armour
  5877 | D:6      | Reached XP level 9. HP: 44/60 MP: 9/9
  6041 | D:7      | Found a staircase to the Ecumenical Temple.
  6126 | D:7      | Reached skill level 12 in Polearms
  6599 | D:7      | Reached skill level 13 in Polearms
  6602 | D:7      | The Shining One protects you from harm!
  6870 | D:7      | Found an ornate altar of the Wu Jian Council.
  6910 | D:7      | Reached ** piety under the Shining One
  7299 | D:7      | Reached skill level 14 in Polearms
  7463 | D:7      | Found an iron altar of Okawaru.
  7750 | D:7      | Found a shimmering blue altar of Sif Muna.
  7925 | D:8      | Found a stormy altar of Qazlal.
  7927 | D:8      | Found a blossoming altar of Fedhas.
  7954 | D:8      | Reached skill level 1 in Invocations
  8279 | D:8      | Reached skill level 2 in Invocations
  8310 | D:8      | Reached skill level 3 in Invocations
  8310 | D:8      | Reached XP level 10. HP: 53/67 MP: 12/12
  8659 | D:8      | Noticed a two-headed ogre
  8661 | D:8      | Noticed Prince Ribbit
  8666 | D:8      | Found a hide-covered altar of Uskayaw.
  8673 | D:8      | Killed Prince Ribbit
  8674 | D:8      | Reached skill level 4 in Invocations
  8686 | D:8      | Killed a two-headed ogre
  8687 | D:8      | Reached skill level 15 in Polearms
  8972 | D:8      | Reached skill level 5 in Invocations
  9245 | D:9      | Found Nentuz's Assorted Antiques.
  9255 | D:9      | Bought a dented silver amulet for 135 gold pieces
  9255 | D:9      | Bought a scroll labelled UTAODOTAYMY for 27 gold pieces
  9602 | D:9      | Found a staircase to the Orcish Mines.
  9691 | D:9      | Reached skill level 6 in Invocations
  9712 | D:9      | Reached *** piety under the Shining One
  9714 | D:9      | Found a staircase to the Lair.
  9752 | D:9      | Found an opulent altar of Gozag.
  9768 | D:9      | Reached skill level 11 in Dodging
  9932 | D:9      | Reached skill level 3 in Fighting
  9997 | D:9      | Found a broken altar of Ashenzari.
 10036 | D:9      | Noticed a manticore
 10053 | D:9      | Killed a manticore
 10633 | D:9      | Reached skill level 16 in Polearms
 10674 | Lair:1   | Entered Level 1 of the Lair of Beasts
 10685 | D:9      | Reached skill level 4 in Fighting
 10685 | D:9      | Reached XP level 11. HP: 66/77 MP: 16/16
 10754 | Lair:1   | Reached skill level 7 in Invocations
 10983 | Lair:1   | Reached skill level 5 in Fighting
 10992 | Lair:1   | Reached skill level 12 in Dodging
 11131 | Lair:1   | Noticed an eight-headed hydra
 11140 | Lair:1   | Killed an eight-headed hydra
 11141 | Lair:1   | Reached skill level 8 in Invocations
 11317 | Lair:1   | Noticed an oklob plant
 11729 | Lair:1   | Noticed a seven-headed hydra
 11743 | Lair:1   | Killed a seven-headed hydra
 11744 | Lair:1   | Reached skill level 6 in Fighting
 11863 | Lair:1   | Noticed an oklob plant
 12071 | Lair:1   | Noticed a four-headed hydra
 12098 | Lair:1   | Killed a four-headed hydra
 12330 | Lair:1   | Paralysed by a floating eye for 3 turns
 12544 | Lair:1   | Noticed Sonja
 12559 | Lair:1   | Reached skill level 13 in Dodging
 12559 | Lair:1   | Reached skill level 9 in Invocations
 12570 | Lair:1   | Killed Sonja
 12571 | Lair:1   | Reached skill level 7 in Fighting
 12580 | Lair:1   | Reached XP level 12. HP: 34/91 MP: 16/18
 13102 | D:10     | Entered Level 10 of the Dungeon
 13200 | D:10     | Found a runed translucent gate.
 13200 | D:10     | Found a runed translucent gate.
 13200 | D:10     | Found a runed translucent gate.
 13510 | D:10     | Noticed a stone giant
 13663 | D:10     | Reached **** piety under the Shining One
 13727 | D:10     | Reached skill level 8 in Fighting
 14005 | D:10     | Noticed ubername's ghost (novice BaIE)
 14420 | D:10     | Found a transporter.
 14422 | D:10     | Found a roughly hewn altar of Beogh.
 14422 | D:10     | Found a transporter.
 14427 | D:10     | Noticed an orc high priest
 14428 | D:10     | Noticed an ogre mage
 14623 | D:11     | Reached skill level 10 in Invocations
 15081 | D:11     | Reached ***** piety under the Shining One
 15148 | D:11     | Reached skill level 14 in Dodging
 15459 | D:11     | Noticed a centaur warrior
 15471 | D:11     | Killed a centaur warrior
 15621 | D:12     | Reached skill level 9 in Fighting
 15739 | D:12     | Noticed an eight-headed hydra
 15765 | D:12     | Killed an eight-headed hydra
 15967 | D:12     | Noticed Urug
 15989 | D:12     | Killed Urug
 16571 | D:12     | Noticed a boulder beetle
 16689 | D:12     | Got a pair of transparent gloves
 16703 | D:12     | Identified the cursed -7 pair of gloves of Minic {Str+2}
                  | (You found it on level 12 of the Dungeon)
 16730 | D:12     | Reached skill level 11 in Invocations
 16897 | Lair:1   | Noticed a fire dragon
 16898 | Lair:1   | >>welp
 16945 | Lair:1   | Killed a fire dragon
 16946 | Lair:1   | Reached XP level 13. HP: 58/103 MP: 19/21
 17734 | Lair:2   | You fall into a shaft and drop 1 floor!
 17757 | Lair:3   | Reached skill level 15 in Dodging
 17775 | Lair:3   | Reached skill level 10 in Fighting
 18042 | Lair:2   | Found a hide-covered altar of Uskayaw.
 18071 | Lair:2   | Found the +5 demon whip "Spellbinder" {antimagic, Will+}
 18650 | Lair:3   | Got a polished halberd
 18651 | Lair:3   | Identified the +6 halberd of Change {pain, Dex+3} (You
                  | found it on level 3 of the Lair of Beasts)
 19209 | Lair:4   | Found a staircase to the Swamp.
 19439 | Lair:4   | Found a hole to the Spider Nest.
 19449 | Lair:4   | HP: 10/104 [wolf spider (4)]
 19451 | Lair:4   | HP: 4/104 [wolf spider (16)]
 19451 | Lair:4   | Slain by a wolf spider

Vanquished Creatures
  A fire dragon (Lair:1)
  5 hydras
  A centaur warrior (D:11)
  A two-headed ogre (D:8)
  Sonja (Lair:1)
  Urug (D:12)
  A hornet (D:10)
  A manticore (D:9)
  A cyclops (D:12)
  2 black mambas (Lair:3)
  A centaur zombie (D:11)
  A centaur skeleton (D:11)
  5 cane toads
  A rime drake (Lair:3)
  3 komodo dragons
  A polar bear (Lair:4)
  3 trolls
  Prince Ribbit (D:8)
  6 dream sheep (Lair:1)
  5 wraiths
  17 yaks
  4 wyverns
  3 basilisks
  2 steam dragons (D:7)
  Menkaure (D:5)
  7 water moccasins
  A floating eye (Lair:1)
  4 orc warriors
  An eye of draining (D:12)
  6 ice beasts
  2 sky beasts
  5 ogres
  5 necrophages
  8 wolves
  5 centaurs
  8 bullfrogs
  A wyvern skeleton (D:12)
  3 scorpions
  19 killer bees
  26 wights
  A howler monkey (D:11)
  2 jellies
  A quasit (D:5)
  A bullfrog skeleton (D:6)
  4 bullfrog zombies
  6 hounds
  5 orc priests
  13 orc wizards
  6 iguanas
  Jessica (D:3)
  A gnoll shaman (D:8)
  8 worker ants
  2 hound zombies
  A mummy (D:11)
  2 worker ant zombies
  Robin (D:2)
  A howler monkey skeleton (D:9)
  3 howler monkey zombies
  8 gnolls
  8 adders
  A white imp (D:10)
  An ufetubus (D:3)
  3 oozes
  2 worms (D:3)
  3 dart slugs
  6 leopard geckos
  54 orcs
  2 ball pythons (D:3)
  8 bats
  6 giant cockroaches
  12 goblins
  2 hobgoblins
  15 jackals
  5 quokkas
  A frilled lizard (D:2)
  A jackal zombie (D:8)
  11 kobolds
  5 rats
383 creatures vanquished.

Vanquished Creatures (collateral kills)
  A water moccasin (D:10)
  An orc warrior (D:10)
  A bullfrog (D:10)
  2 scorpions (D:10)
  An orc priest (D:10)
  An orc wizard (D:10)
  4 orcs (D:10)
11 creatures vanquished.

Vanquished Creatures (others)
  14 fungi
  43 plants
57 creatures vanquished.

Grand Total: 451 creatures vanquished

Table legend: (Time is in decaauts)
 A = Elapsed time spent in this place.
 B = Non-inter-level travel time spent in this place.
 C = Inter-level travel time spent in this place.
 D = Time resting spent in this place.
 E = Time spent auto-exploring this place.
 F = Levels seen in this place.
 G = Mean time per level.
                   A        B        C        D        E       F      G
               +--------+--------+--------+--------+--------+-----+--------+
         Total |  18974 |  18241 |    733 |   5057 |  10481 |  16 | 1185.9 |
       Dungeon |  14159 |  13636 |    523 |   3534 |   7940 |  12 | 1179.9 |
          Lair |   4815 |   4606 |    209 |   1523 |   2540 |   4 | 1203.8 |
               +--------+--------+--------+--------+--------+-----+--------+

Top non-repeatable levels by time:
  Lair:1: 3108 daAuts
     D:7: 1853 daAuts
     D:9: 1476 daAuts
    D:10: 1431 daAuts
     D:6: 1297 daAuts
     D:8: 1283 daAuts
  Lair:3: 1207 daAuts
     D:5: 1193 daAuts
    D:12: 1136 daAuts
     D:2: 1122 daAuts
     D:1: 1110 daAuts
    D:11: 1026 daAuts
     D:3: 644 daAuts
     D:4: 586 daAuts
  Lair:4: 382 daAuts

Table legend:
 A = Non-vault XP
 B = Vault XP
 C = Vault XP percentage of total XP
 D = Non-vault monster count
 E = Vault monster count
 F = Vault count percentage of total count
                 A         B        C        D         E       F
            +---------+---------+-------+---------+---------+-------
      Total |   31412 |    6452 |  17.0 |     320 |      74 |  18.8
            +---------+---------+-------+---------+---------+-------
        D:1 |      46 |       0 |   0.0 |      25 |       0 |   0.0
        D:2 |     173 |      24 |  12.2 |      17 |       6 |  26.1
        D:3 |      54 |      37 |  40.7 |      17 |       1 |   5.6
        D:4 |      54 |       0 |   0.0 |       4 |       0 |   0.0
        D:5 |     721 |     154 |  17.6 |      23 |       1 |   4.2
        D:6 |     883 |     283 |  24.3 |      30 |       5 |  14.3
        D:7 |    1168 |     375 |  24.3 |      20 |       4 |  16.7
        D:8 |    1826 |     264 |  12.6 |      22 |       1 |   4.3
        D:9 |    2042 |    1140 |  35.8 |      19 |      36 |  65.5
       D:10 |    3151 |     121 |   3.7 |      52 |       1 |   1.9
       D:11 |    2861 |    1186 |  29.3 |      18 |      14 |  43.8
       D:12 |    3757 |     824 |  18.0 |      21 |       1 |   4.5
     Lair:1 |    8850 |    2037 |  18.7 |      31 |       3 |   8.8
     Lair:2 |     346 |       7 |   2.0 |       2 |       1 |  33.3
     Lair:3 |    3441 |       0 |   0.0 |      10 |       0 |   0.0
     Lair:4 |    2039 |       0 |   0.0 |       9 |       0 |   0.0
            +---------+---------+-------+---------+---------+-------
